 Dungeon Crawl Stone Soup version 0.31-a0-986-g5e6e4ef867 (webtiles) character file.

Game seed: 11675794489553606734

308 mandarbmax the Destroyer (level 6, 0/32 HPs)
             Began as a Tengu Conjurer on Nov 13, 2023.
             Was an Initiate of Ashenzari.
             Killed by divine providence
             ... invoked by an orc priest
              (11 damage)
             ... on level 4 of the Dungeon.
             The game lasted 00:04:58 (3874 turns).

mandarbmax the Destroyer (Tengu Conjurer)           Turns: 3874, Time: 00:04:59

Health: 0/32       AC:  3    Str:  7    XL:     6   Next: 40%
Magic:  5/12       EV: 12    Int: 21    God:    Ashenzari [......]
Gold:   166        SH:  0    Dex: 12    Spells: 9/12 levels left

rFire   . . .        (no weapon)
rCold   . . .        (no shield)
rNeg    . . .        a - +0 robe
rPois   +            (helmet restricted)
rElec   .            (no cloak)
rCorr   .            m - +0 pair of gloves
SInv    .            (boots unavailable)
Will    .....        (no amulet)
Stlth   ++           l - ring of poison resistance
HPRegen 0.25/turn    (no ring)
MPRegen 0.13/turn

%: acrobat
@: no status effects
A: beak, talons 3, acrobatic
a: Renounce Religion


You were on level 4 of the Dungeon.
You worshipped Ashenzari.
Ashenzari was noncommittal.
You visited 2 branches of the dungeon, and saw 5 of its levels.
You also visited: Sewer.

You collected 166 gold pieces.

Inventory:

Armour
 a - a +0 robe (worn)
 m - a +0 pair of gloves (worn)
Jewellery
 l - a ring of poison resistance (left hand)
Scrolls
 c - 3 scrolls of enchant armour {unknown}
 d - a scroll of teleportation {unknown}
 f - 2 scrolls of noise {unknown}
 k - 4 scrolls of identify {unknown}
 n - 3 scrolls of vulnerability {unknown}
 o - a scroll of acquirement {unknown}
 p - a scroll of fear {unknown}
 r - a scroll of poison {unknown}
 v - a scroll of fog {unknown}
Potions
 b - 2 potions of magic
 e - a potion of attraction {unknown}
 g - 3 potions of degeneration {unknown}
 h - 2 potions of curing {unknown}
 i - a potion of cancellation {unknown}
 j - 3 potions of heal wounds {unknown}
 q - a potion of lignification {unknown}
 s - 2 potions of mutation {unknown}
 t - a potion of haste {unknown}
 u - a potion of enlightenment {unknown}


   Skills:
 - Level 2.1 Dodging
 - Level 2.0 Stealth
 + Level 3.8 Spellcasting
 * Level 8.6 Conjurations


You had 9 spell levels left.
You knew the following spells:

 Your Spells              Type           Power      Damage    Failure   Level
a - Magic Dart            Conj           100%       1d8       1%          1
b - Searing Ray           Conj           80%        2d7       1%          2

Your spell library contained the following spells:

 Spells                   Type           Power      Damage    Failure   Level
 Dazzling Flash           Conj/Hex       44%        N/A       6%          3
 Fulminant Prism          Conj/Hex       11%        3d8       21%         4
 Iskenderun's Mystic Bla  Conj/Tloc      22%        2d6       21%         4


Dungeon Overview and Level Annotations

Branches:
Dungeon (4/15)             Temple (1/1) D:4           Sewer (visited)

Altars:
Ashenzari
Cheibriados
Dithmenos
Elyvilon
Fedhas
Gozag
Kikubaaqudgha
Makhleb
Nemelex Xobeh
Okawaru
Trog
Uskayaw
Vehumet
Wu Jian
Xom
Yredelemnul
Zin


Innate Abilities, Weirdness & Mutations

You have a beak for a mouth.
You have claws for feet.
You can magically evade attacks while moving or waiting.


Message History

There is an ancient bone altar of Kikubaaqudgha here.
There is a staircase back to the Dungeon here.
You climb upwards.
Welcome back to the Dungeon!
The orc barely misses you.
There is a staircase to the Ecumenical Temple here.
An orc priest comes into view. It is wielding a +0 morningstar.
The orc wizard shouts!
You hear a shout!
The orc priest shouts!
The orc attacks as it pursues you! The orc completely misses you.
An orc comes into view. It is wielding a +0 club.
An orc priest comes into view. It is wielding a +0 short sword.
The orc attacks as it pursues you! The orc completely misses you.
The orc completely misses you.
The orc priest calls down the wrath of Beogh upon you.
Beogh smites you!
Casting: Searing Ray (safe; 1% risk of failure)
Confirm with . or Enter, or press ? or * to list all spells.
Aiming: Searing Ray (safe; 1% risk of failure)
Press: ? - help, Shift-Dir - straight line, f - orc
Aim: an orc, wielding a +0 club and wearing a +0 leather armour (82% to hit)
The searing ray misses the orc. x2 (Press . to maintain the ray.)
The orc barely misses you.
The searing ray hits the orc!
You kill the orc!
The orc priest looks braver for a moment.
The searing ray hits the orc!
You kill the orc!
The searing ray misses the orc priest.
The searing ray misses the orc wizard.
You finish channelling your searing ray.
The orc priest invokes the aid of Beogh against you.
Pain shoots through your body!
Casting: Searing Ray (safe; 1% risk of failure)
Confirm with . or Enter, or press ? or * to list all spells.
Aiming: Searing Ray (safe; 1% risk of failure)
Press: ? - help, Shift-Dir - straight line The searing ray hits the orc priest.
The orc priest is heavily wounded. (Press . to maintain the ray.)
The orc priest mumbles some strange prayers to Beogh against you.
Beogh smites you!
You die...

.. ..## ##.###
#...#
##.##.##..#.#
..####
#..#....o.[.#
....##.#...>..#
#..#..)...o##
#...####.)##
##.######).##
.#
#..##..@#..##..
##...........#.
#...#.........#
###.#........##
#.........##
###.......#
#.......#
#####†......#
#...........#


You could see 2 orc priests.

Vanquished Creatures
  An orc priest (D:3)
  A hound (D:4)
  2 jellies (Sewer)
  An orc wizard (D:3)
  5 adders
  A river rat (Sewer)
  3 worms
  2 dart slugs
  6 orcs
  15 endoplasms
  10 giant cockroaches
  4 goblins
  4 hobgoblins
  3 jackals (D:1)
  2 quokkas
  9 ball pythons
  7 bats
  4 frilled lizards
  4 kobolds
  12 rats
96 creatures vanquished.

Notes
Turn   | Place    | Note
-------+----------+-------------------------------------------
     0 | D:1      | mandarbmax the Tengu Conjurer began the quest for the Orb.
     0 | D:1      | Reached XP level 1. HP: 10/10 MP: 4/4
   285 | D:1      | Reached XP level 2. HP: 15/15 MP: 4/6
   412 | D:1      | Learned a level 2 spell: Searing Ray
   628 | D:1      | Reached skill level 6 in Conjurations
   777 | D:1      | Reached XP level 3. HP: 19/19 MP: 4/7
  2017 | D:2      | Reached XP level 4. HP: 24/24 MP: 6/9
  2298 | D:3      | Found a glowing drain.
  2303 | Sewer    | Entered a sewer
  2397 | Sewer    | Reached skill level 7 in Conjurations
  2582 | Sewer    | Reached XP level 5. HP: 28/28 MP: 6/10
  2921 | Sewer    | Found a shimmering altar of Xom.
  3056 | D:3      | Reached skill level 8 in Conjurations
  3056 | D:3      | Reached XP level 6. HP: 16/32 MP: 2/12
  3832 | D:4      | Found a staircase to the Ecumenical Temple.
  3841 | Temple   | Entered the Ecumenical Temple
  3852 | Temple   | Became a worshipper of Ashenzari the Shackled
  3874 | D:4      | Killed from afar by an orc priest

Illustrated notes

Levels and vault maps discovered:
D:1:      lemuel_arrival_rhombus, layout_basic, minmay_crystal_water
D:2:      layout_basic, nrook_campfire
D:3:      layout_rooms, serial_rivers, chequers_serial_rivers_room_b,
          chequers_serial_rivers_small_3, chequers_serial_rivers_micro_e,
          chequers_serial_rivers_micro_b, chequers_serial_rivers_small_b,
          chequers_serial_rivers_marsh,
          mainiacjoe_sewer_entry_somewhere_in_here_1
D:4:      minmay_spotlight, layout_rooms, mainiacjoe_overflow_chevrons,
          minmay_temple_entry_wispy, st_stairs_3
Temple:   nicolae_temple_bog_church

Skill      XL: |  1  2  3  4  5 |
---------------+----------------+-----
Conjurations   | 6 7 8 |  8.6
Spellcasting   | 3 |  3.8
Dodging        | |  2.1
Stealth        | |  2.0

Action                     |  1- 3 |  4- 6 || total
---------------------------+-------+-------++-------
  Melee: Unarmed           |       |     6 ||     6
         Kick              |       |     4 ||     4
         Punch             |       |     1 ||     1
   Cast: Magic Dart        |    70 |   101 ||   171
         Searing Ray       |       |     5 ||     5
 Armour: Robe              |     3 |     6 ||     9
  Dodge: Dodged            |     7 |    18 ||    25

Table legend: (Time is in decaauts)
 A = Elapsed time spent in this place.
 B = Non-inter-level travel time spent in this place.
 C = Inter-level travel time spent in this place.
 D = Time resting spent in this place.
 E = Time spent auto-exploring this place.
 F = Levels seen in this place.
 G = Mean time per level.
                   A        B        C        D        E       F      G
               +--------+--------+--------+--------+--------+-----+--------+
         Total |   3916 |   3828 |     88 |     19 |   3366 |   6 |  652.7 |
       Dungeon |   3144 |   3076 |     68 |     19 |   2724 |   4 |  786.0 |
        Temple |     22 |      2 |     20 |      0 |      0 |   1 |   22.0 |
         Sewer |    749 |    749 |      0 |      0 |    642 |   1 |  749.0 |
               +--------+--------+--------+--------+--------+-----+--------+

Top non-repeatable levels by time:
     D:1: 1322 daAuts
     D:2: 863 daAuts
     D:3: 797 daAuts
   Sewer: 749 daAuts
     D:4: 161 daAuts
  Temple: 22 daAuts
